 Dungeon Crawl Stone Soup version 0.31-a0-521-gc7390f8997 (webtiles) character file.

Game seed: 10857355513654735281

3421 jasper the Mimic (level 9, -9/47 HPs)
             Began as a Spriggan Shapeshifter on Aug 10, 2023.
             Was a Follower of Okawaru.
             Killed by divine providence
             ... invoked by an orc priest
              (14 damage)
             ... on level 9 of the Dungeon.
             The game lasted 00:11:26 (7522 turns).

jasper the Mimic (Spriggan Shapeshifter)            Turns: 7522, Time: 00:11:27

Health: -9/47      AC:  2    Str: 11    XL:     9   Next: 76%
Magic:  11/11      EV: 22    Int:  9    God:    Okawaru [*.....]
Gold:   478        SH:  0    Dex: 20    Spells: 8/8 levels left

rFire   . . .        n - melded +2 dagger (elec)
rCold   . . .        (shield currently unavailable)
rNeg    . . .        a - +1 animal skin
rPois   .            z - +1 hat {Will+}
rElec   .            (no cloak)
rCorr   +            (gloves unavailable)
SInv    +            (boots unavailable)
Will    ++...        (no amulet)
Stlth   ++++         v - ring of flight
HPRegen 0.27/turn    C - ring of resist corrosion
MPRegen 0.12/turn

%: no passive effects
@: blade hands, flying, slowed, quick
A: very small, no large weapons, unfitting armour, see invisible, speed 3
a: Begin Untransformation, Renounce Religion, Heroism


You were on level 9 of the Dungeon.
You worshipped Okawaru.
Okawaru was aware of your devotion.
You had blades for hands.
You visited 2 branches of the dungeon, and saw 10 of its levels.
You also visited: Sewer.

You collected 639 gold pieces.
You spent 161 gold pieces at shops.

Inventory:

Hand Weapons
 e - a +0 short sword
 g - a +0 sling
 n - a +2 dagger of electrocution (melded)
Missiles
 b - 2 datura-tipped darts
 f - 2 throwing nets
 i - 43 stones (quivered)
 q - a curare-tipped dart
 r - 8 poisoned darts
 y - 5 boomerangs
Armour
 a - a +1 animal skin (worn)
 z - a +1 hat of willpower (worn)
Jewellery
 v - a ring of flight (left blade hand)
 A - a ring of magical power
 C - a ring of resist corrosion (right blade hand)
 E - a ring of protection from cold
Talismans
 c - a beast talisman
 d - a flux talisman
 k - a blade talisman (active)
Wands
 D - a wand of digging (7)
Scrolls
 o - a scroll of amnesia
 p - 4 scrolls of teleportation
Potions
 h - 4 potions of haste
 j - 2 potions of mutation
 l - 5 potions of curing
 m - 2 potions of magic
 s - a potion of degeneration
 t - 2 potions of attraction
 u - a potion of resistance
 w - a potion of might {unknown}
 B - a potion of lignification


   Skills:
 * Level 5.5 Fighting
 + Level 7.0 Dodging
 + Level 7.6 Stealth
 + Level 4.7 Unarmed Combat
 + Level 2.0 Invocations
 + Level 10.1 Shapeshifting


You had 8 spell levels left.
You didn't know any spells.
Your spell library contained the following spells:

 Spells                   Type           Power      Damage    Failure   Level
 Freeze                   Ice            0%         1d3       80%         1
 Magic Dart               Conj           0%         1d3       80%         1
 Slow                     Hex            0%         N/A       80%         1
 Cigotuvi's Dreadful Rot  Necr/Pois/Air  0%         N/A       88%         2
 Sublimation of Blood     Necr           0%         N/A       88%         2
 Wereblood                Tmut           0%         N/A       88%         2
 Confusing Touch          Hex            0%         N/A       97%         3
 Dazzling Flash           Conj/Hex       0%         N/A       97%         3
 Frozen Ramparts          Ice            0%         1d1       97%         3
 Hailstorm                Conj/Ice       0%         3d3       97%         3
 Ignite Poison            Fire/Tmut/Pois 0%         N/A       97%         3
 Mephitic Cloud           Conj/Pois/Air  0%         N/A       97%         3
 Vampiric Draining        Necr           0%         2d6       97%         3
 Volatile Blastmotes      Fire/Tloc      0%         2d10      97%         3
 Starburst                Conj/Fire      0%         6d3       100%        6
 Maxwell's Capacitive Co  Air            0%         ∞         100%        8
 Call Imp                 Summ           Unusable   N/A       N/A         2
 Animate Dead             Necr           Unusable   N/A       N/A         4
 Haunt                    Necr/Summ      Unusable   N/A       N/A         7
 Summon Hydra             Summ           Unusable   N/A       N/A         7

Dungeon Overview and Level Annotations

Branches:
Dungeon (9/15)             Temple (1/1) D:7           Sewer (visited)
   Lair: D:8-11         Orc: D:9-12

Altars:
Ashenzari
Cheibriados
Dithmenos
Elyvilon
Gozag
Hepliaklqana
Kikubaaqudgha
Makhleb
Nemelex Xobeh
Okawaru
Qazlal
Ru
Sif Muna
Trog
Uskayaw
Vehumet
Wu Jian
Xom

Shops:
D:1 (   D:7 [

Annotations:
D:3 2 runed translucent doors, IYTBazzie's ghost, amateur OgCA
D:7 1 runed translucent door, Crazy Yiuf
D:9 exclusion: 2 two-headed ogres


Innate Abilities, Weirdness & Mutations

You have blades for hands.
Your spellcasting is less reliable in this form.
You are incapable of wielding weapons or throwing items.
You are very small and have problems with some larger weapons.
You are too small for most types of armour.
You have supernaturally acute eyesight. (SInv)
You cover ground extremely quickly. (Speed+++)


Message History

The kobold brigand hits you with a +0 short sword.
You take 11 damage, and have 28/47 hp.
MASSIVE DAMAGE!!
You closely miss the kobold brigand.
You feel sick.
You are no longer poisoned.
The kobold barely misses you. The kobold misses you.
The kobold brigand completely misses you.
You take 2 damage, and have 26/47 hp.
You hit the kobold brigand but do no damage.
The kobold barely misses you. x2; The kobold brigand closely misses you.
The kobold hits you with a +0 short sword.
The kobold completely misses you.
The kobold brigand hits you with a +0 short sword.
You take 3 damage, and have 23/47 hp.
You slash the kobold brigand! You slash the kobold brigand.
The kobold brigand is almost dead.
The kobold misses you.
The kobold hits you with a +0 short sword.
The kobold brigand barely misses you.
You take 2 damage, and have 21/47 hp.
You hit the kobold brigand.
You kill the kobold brigand!
Okawaru accepts your kill. The kobold closely misses you.
The kobold barely misses you. The orc warrior misses you.
The orc wizard gestures wildly while chanting.
The orc wizard flickers and vanishes for a moment.
The kobold misses you. The orc warrior closely misses you.
The orc priest calls down the wrath of Beogh upon you.
Beogh smites you!
* * * LOW HITPOINT WARNING * * *
The kobold hits you with a +0 short sword.
* * * LOW HITPOINT WARNING * * *
You hear a shout!
Your Dodging skill increases to level 7!
Your Invocations skill increases to level 2!
You take 17 damage, and have 4/47 hp.
MASSIVE DAMAGE!!
The orc priest looks braver for a moment.
The orc priest invokes the aid of Beogh against you.
Beogh smites you!
You die...

#......o...# #..........## ###
#...ooo...... ...
##############....o)o..... ...
................oo..oo.... ...
................K######### ###
...............oK#
.................#
................@#
.................#
.................################
.................................
.................................
......................###########
##..################..# #..# #..#
#..# #..#


You could see an orc warrior, an orc priest, an orc wizard (invisible), an orc
and 2 kobolds.

Vanquished Creatures
  Joseph (D:8)
  2 shadows (D:9)
  Sigmund (D:4)
  A vampire (D:7)
  A wyvern (D:9)
  A steam dragon (D:8)
  Edmund (D:5)
  Pargi (Sewer)
  An ice beast (D:7)
  6 black bears
  An ogre (D:6)
  A centaur (D:5)
  2 kobold brigands
  A bullfrog (D:9)
  A scorpion (D:5)
  4 wights (D:7)
  2 hounds
  4 orc priests
  A gnoll bouda (D:7)
  An iguana (D:5)
  6 orc wizards
  A sleepcap (D:6)
  Natasha (thrice) (D:4)
  Robin (D:4)
  5 gnolls
  9 adders
  4 ufetubi
  2 worms
  3 dart slugs
  16 orcs
  6 ball pythons
  10 bats
  3 endoplasms
  4 giant cockroaches
  5 hobgoblins
  6 jackals
  3 quokkas
  5 frilled lizards
  18 goblins
  19 kobolds
  6 rats
169 creatures vanquished.

Notes
Turn   | Place    | Note
-------+----------+-------------------------------------------
     0 | D:1      | jasper the Spriggan Shapeshifter began the quest for the
                  | Orb.
     0 | D:1      | Reached XP level 1. HP: 9/9 MP: 2/2
   177 | D:1      | Found Ocowasylu's Weapon Shoppe.
   185 | D:1      | Reached XP level 2. HP: 14/14 MP: 3/3
   619 | D:1      | Reached skill level 5 in Shapeshifting
   730 | D:2      | Reached XP level 3. HP: 17/17 MP: 4/4
  1172 | D:2      | Reached skill level 6 in Shapeshifting
  1172 | D:2      | Reached XP level 4. HP: 13/21 MP: 5/5
  1508 | D:2      | Noticed a scorpion
  1672 | D:3      | Got the Volume of Baneful Corpses
  1719 | D:3      | Reached XP level 5. HP: 24/25 MP: 6/6
  1777 | D:3      | Found a large runed translucent door.
  1777 | D:3      | Found a large runed translucent door.
  2175 | D:3      | Noticed IYTBazzie's ghost (amateur OgCA)
  2402 | D:4      | Found a sparkling altar of Nemelex Xobeh.
  2485 | D:4      | Reached skill level 7 in Shapeshifting
  2503 | D:4      | Noticed Robin
  2532 | D:4      | Killed Robin
  2657 | D:4      | Found a shimmering altar of Xom.
  2720 | D:4      | Noticed Natasha
  2728 | D:4      | Killed Natasha
  2751 | D:4      | Noticed Natasha
  2761 | D:4      | Killed Natasha
  2762 | D:4      | Reached XP level 6. HP: 5/29 MP: 7/7
  2925 | D:4      | Noticed Sigmund
  2933 | D:4      | Reached skill level 8 in Shapeshifting
  3027 | D:4      | Found a glowing drain.
  3038 | Sewer    | Entered a sewer
  3062 | Sewer    | Noticed Pargi
  3070 | Sewer    | Killed Pargi
  3250 | D:4      | Noticed Natasha
  3309 | D:4      | Killed Sigmund
  3310 | D:4      | Reached skill level 9 in Shapeshifting
  3310 | D:4      | Reached skill level 1 in Fighting
  3310 | D:4      | Reached skill level 1 in Stealth
  3310 | D:4      | Reached XP level 7. HP: 21/33 MP: 8/8
  3395 | D:4      | Killed Natasha
  3487 | D:5      | Entered Level 5 of the Dungeon
  4009 | D:5      | Noticed Edmund
  4020 | D:5      | Killed Edmund
  4021 | D:5      | Reached XP level 8. HP: 39/39 MP: 9/9
  4871 | D:6      | Reached skill level 5 in Dodging
  4892 | D:6      | Reached skill level 5 in Stealth
  5480 | D:7      | Found a staircase to the Ecumenical Temple.
  5489 | Temple   | Entered the Ecumenical Temple
  5502 | Temple   | Became a worshipper of Warmaster Okawaru
  5775 | D:7      | Found Xafifapt's Antique Armour Shoppe.
  5784 | D:7      | Bought a glowing hat for 161 gold pieces
  5808 | D:7      | Found a runed translucent door.
  5809 | D:7      | Noticed Crazy Yiuf
  5929 | D:7      | Reached XP level 9. HP: 35/45 MP: 10/10
  6412 | D:8      | Noticed Joseph
  6745 | D:7      | Reached * piety under Okawaru
  6814 | D:8      | Killed Joseph
  6815 | D:8      | Reached skill level 5 in Fighting
  6916 | D:8      | Reached skill level 1 in Invocations
  6958 | D:8      | Noticed a two-headed ogre
  7016 | D:9      | Noticed a two-headed ogre
  7086 | D:9      | Reached skill level 10 in Shapeshifting
  7130 | D:9      | Noticed a two-headed ogre
  7203 | D:9      | Found a white marble altar of Elyvilon.
  7205 | D:9      | Found a shadowy altar of Dithmenos.
  7350 | D:9      | Identified the +2 leather armour of Card Tricks {rPois}
  7522 | D:9      | Killed from afar by an orc priest

Illustrated notes

Levels and vault maps discovered:
D:1:      lightli_arrival_maybe_door_vault, layout_basic, serial_shops,
          nicolae_shop_bloodbath_and_beyond, minmay_pentomino_o4
D:2:      minmay_evil_eye, layout_basic, minmay_divided_ellipse
D:3:      layout_loops_ring, ebering_ghost_disaster_area
D:4:      layout_loops_ring, xom_teletrap_fun,
          mainiacjoe_overflow_concentric_impassable, portal_sewer_entry_d,
          uniq_sigmund, uniq_robin, uniq_natasha
D:5:      layout_basic, uniq_edmund
D:6:      layout_loops_ring, lemuel_mausoleum_altar_yredelemnul,
          enter_ossuary_2, kennysheep_small_circle
D:7:      minmay_chambers_of_sevens, layout_basic, minmay_temple_entry_grid,
          serial_shops, nicolae_shop_tiny_glass, uniq_crazy_yiuf_cottage
D:8:      layout_cave_pools, erik_lair_dragon, uniq_joseph
D:9:      layout_long_grid, jmf_multi_god_temple, hiddenorc2_lemuel
Temple:   zaba_magenta_temple

Skill      XL: |  1  2  3  4  5  6  7  8  9 |
---------------+----------------------------+-----
Shapeshifting  | 5 6 7 9 10 | 10.1
Fighting       | 1 2 4 5 |  5.5
Dodging        | 3 4 5 7 |  7.0
Stealth        | 1 4 6 7 |  7.6
Unarmed Combat | 3 4 |  4.7
Invocations    | 2 |  2.0

Action                     |  1- 3 |  4- 6 |  7- 9 || total
---------------------------+-------+-------+-------++-------
  Melee: Unarmed           |    29 |       |   297 ||   326
         Short sword       |     9 |       |       ||     9
         Dagger            |       |    94 |       ||    94
         Punch             |       |       |     5 ||     5
   Fire: Sling             |    99 |    53 |       ||   152
    Use: Scroll            |     3 |       |     9 ||    12
         Potion            |     1 |       |       ||     1
   Stab: Sleeping          |       |     1 |     9 ||    10
         Distracted        |       |       |     1 ||     1
 Armour: Animal skin       |    15 |    13 |    12 ||    40
         Skin              |     6 |       |       ||     6
  Dodge: Dodged            |    80 |    95 |   247 ||   422
   Form: Blade             |       |       |     1 ||     1

Table legend: (Time is in decaauts)
 A = Elapsed time spent in this place.
 B = Non-inter-level travel time spent in this place.
 C = Inter-level travel time spent in this place.
 D = Time resting spent in this place.
 E = Time spent auto-exploring this place.
 F = Levels seen in this place.
 G = Mean time per level.
                   A        B        C        D        E       F      G
               +--------+--------+--------+--------+--------+-----+--------+
         Total |   5624 |   5422 |    202 |    569 |   3586 |  11 |  511.3 |
       Dungeon |   5549 |   5362 |    187 |    569 |   3554 |   9 |  616.6 |
        Temple |     17 |      3 |     14 |      0 |      0 |   1 |   17.0 |
         Sewer |     57 |     57 |      0 |      0 |     32 |   1 |   57.0 |
               +--------+--------+--------+--------+--------+-----+--------+

Top non-repeatable levels by time:
     D:7: 1091 daAuts
     D:5: 947 daAuts
     D:2: 810 daAuts
     D:4: 786 daAuts
     D:1: 475 daAuts
     D:3: 459 daAuts
     D:6: 403 daAuts
     D:9: 370 daAuts
     D:8: 204 daAuts
   Sewer: 57 daAuts
  Temple: 17 daAuts
